 Dungeon Crawl Stone Soup version 0.28-a0-1555-g9ae15a6949 (webtiles) character file.

Game seed: 6801671461213331329

49 HallandMoats the Sneak (level 3, 0/31 HPs)
             Began as a Ghoul Brigand on Jan 18, 2022.
             Was a Believer of Sif Muna.
             Slain by a gnoll (1 damage)
             ... on level 2 of the Dungeon.
             The game lasted 00:01:30 (1101 turns).

HallandMoats the Sneak (Ghoul Brigand)              Turns: 1101, Time: 00:01:30

Health: 0/31       AC: 10    Str: 16    XL:     3   Next: 77%
Magic:  3/3        EV:  6    Int:  6    God:    Sif Muna [**....]
Gold:   99         SH:  3    Dex: 10    Spells: 2/2 levels left

rFire   + . .      SeeInvis .   a - +2 dagger
rCold   + . .      Faith    .   i - +0 buckler
rNeg    + + +      Spirit   .   j - +1 chain mail {rF+}
rPois   ∞          Reflect  .   (no helmet)
rElec   .          Harm     .   c - +0 cloak
rCorr   .          Rampage  .   (no gloves)
Will    .....                   (no boots)
Stlth   ..........              (no amulet)
HPRegen 0.00/turn               (no ring)
MPRegen 0.08/turn               (no ring)

@: inhibited regen
A: claws 1, cold resistance 1, negative energy resistance 3, inhibited
regeneration, torment resistance 2
a: Renounce Religion, Channel Magic


You were on level 2 of the Dungeon.
You worshipped Sif Muna.
Sif Muna was pleased with you.
You visited 1 branch of the dungeon, and saw 2 of its levels.

You collected 99 gold pieces.

Inventory:

Hand Weapons
 a - a +2 dagger (weapon)
Missiles
 d - 8 poisoned darts (quivered)
 e - 2 curare-tipped darts
Armour
 c - a +0 cloak (worn)
 i - a +0 buckler (worn)
 j - a +1 chain mail of fire resistance (worn)
Scrolls
 b - a scroll of vulnerability {unknown}
 k - a scroll of identify {unknown}
Potions
 f - a potion of brilliance {unknown}
 g - a potion of curing {unknown}
 h - a potion of might {unknown}


   Skills:
 * Level 3.1 Fighting
 - Level 1.7 Short Blades
 - Level 1.7 Throwing
 + Level 1.0 Armour
 + Level 1.5 Dodging
 - Level 4.3 Stealth
 * Level 0.3 Shields
 + Level 1.3 Invocations


You had 2 spell levels left.
You didn't know any spells.
Your spell library was empty.

Dungeon Overview and Level Annotations

Branches:
Dungeon (2/15)

Altars:
Sif Muna


Innate Abilities, Weirdness & Mutations

You thrive by killing the living.
You are immune to poison.
You have sharp fingernails.
Your flesh is cold resistant. (rC+)
You are immune to negative energy. (rN+++)
You do not regenerate when monsters are visible.
You are immune to unholy pain and torment.


Message History

You are too injured to fight recklessly!
You are too injured to fight recklessly!
You are too injured to fight recklessly!
You are too injured to fight recklessly!
You are too injured to fight recklessly!
You are too injured to fight recklessly!
You are too injured to fight recklessly!
You are too injured to fight recklessly!
You are too injured to fight recklessly!
You are too injured to fight recklessly!
You are too injured to fight recklessly!
You are too injured to fight recklessly!
You are too injured to fight recklessly!
You are too injured to fight recklessly!
You are too injured to fight recklessly!
You are too injured to fight recklessly!
You are too injured to fight recklessly!
You are too injured to fight recklessly!
You are too injured to fight recklessly!
You are too injured to fight recklessly!
You are too injured to fight recklessly!
You are too injured to fight recklessly!
You are too injured to fight recklessly!
You are too injured to fight recklessly!
There are monsters nearby!
The gnoll hits you with a +0 whip. The gnoll hits you with a +0 spear.
The gnoll hits you with a +0 halberd.
* * * LOW HITPOINT WARNING * * *
You are too injured to fight recklessly!
You closely miss the gnoll. The gnoll hits you but does no damage.
The gnoll hits you with a +0 spear.
* * * LOW HITPOINT WARNING * * *
The gnoll closely misses you.
You completely miss the gnoll. The gnoll hits you with a +0 whip.
* * * LOW HITPOINT WARNING * * *
The gnoll closely misses you. You block the gnoll's attack.
You hit the gnoll.
The gnoll is moderately wounded.
The gnoll barely misses you. The gnoll hits you with a +0 spear.
You die...

######
###############.....
#.gg#....>..........
#@#)###...........
#g..#...<####.....
#####.#### #.....
###...# ###.....
#.....#####....##+
#.#.........##.##.
#.g...###...##...#.###
#.#######....#.#.#....
#..........[.#.####.


You could see 3 gnolls.

Vanquished Creatures
  A gnoll (D:2)
  A worm (D:2)
  7 ball pythons
  2 endoplasms (D:1)
  A giant cockroach (D:1)
  2 goblins (D:1)
  5 hobgoblins (D:1)
  5 kobolds
  A bat (D:1)
  A frilled lizard (D:1)
  13 rats
39 creatures vanquished.

Notes
Turn   | Place    | Note
-------+----------+-------------------------------------------
     0 | D:1      | HallandMoats the Ghoul Brigand began the quest for the Orb.
     0 | D:1      | Reached XP level 1. HP: 17/17 MP: 0/0
    69 | D:1      | Reached skill level 1 in Dodging
   123 | D:1      | Reached XP level 2. HP: 25/25 MP: 1/1
   249 | D:1      | Found a faded altar of an unknown god.
   269 | D:1      | Prayed at the altar of an unknown god.
   269 | D:1      | Became a worshipper of Sif Muna the Loreminder
   269 | D:1      | Reached * piety under Sif Muna
   406 | D:1      | Reached skill level 1 in Invocations
   430 | D:1      | Reached XP level 3. HP: 30/30 MP: 2/2
   733 | D:1      | Reached ** piety under Sif Muna
   850 | D:2      | Reached skill level 1 in Armour
  1100 | D:2      | HP: 1/31 [gnoll (1)]
  1101 | D:2      | Slain by a gnoll

Illustrated notes

Levels and vault maps discovered:
D:1:      ncdulo_wetmaze, layout_basic, basic_ecumenical_altar,
          minmay_rat_gold_closets
D:2:      layout_basic, glass_columns_a, kennysheep_generic_room_10, uniq_robin

Skill      XL: |  1  2  3 |
---------------+----------+-----
Dodging        | 1 |  1.5
Invocations    | 1 |  1.3
Fighting       | 3 |  3.1
Armour         | 1 |  1.0
Short Blades   | |  1.7
Throwing       | |  1.7
Stealth        | |  4.3
Shields        | |  0.3

Action                   || total
-------------------------++-------
Melee: Dagger            ||    96
       Punch             ||     1
 Stab: Sleeping          ||    14
Armor: Robe              ||    14
       Chain mail        ||    10
Dodge: Dodged            ||    37
Block: Buckler           ||     3

Table legend: (Time is in decaauts)
 A = Elapsed time spent in this place.
 B = Non-inter-level travel time spent in this place.
 C = Inter-level travel time spent in this place.
 D = Time resting spent in this place.
 E = Time spent auto-exploring this place.
 F = Levels seen in this place.
 G = Mean time per level.
                   A        B        C        D        E       F      G
               +--------+--------+--------+--------+--------+-----+--------+
         Total |   1100 |   1076 |     24 |      0 |    786 |   2 |  550.0 |
       Dungeon |   1100 |   1076 |     24 |      0 |    786 |   2 |  550.0 |
               +--------+--------+--------+--------+--------+-----+--------+

Top non-repeatable levels by time:
     D:1: 758 daAuts
     D:2: 342 daAuts
